 Dungeon Crawl Stone Soup version 0.26-a0-651-gb41185065b (webtiles) character file.

Game seed: 14369207882856706746

227 tof the Chopper (level 5, -4/72 HPs)
             Began as a Minotaur Berserker on Sept 29, 2020.
             Was a Believer of Trog.
             Slain by Grinder (6 damage)
             ... on level 3 of the Dungeon.
             The game lasted 00:03:22 (2240 turns).

tof the Chopper (Minotaur Berserker)                Turns: 2240, Time: 00:03:23

Health: -4/72      AC: 22    Str: 28    XL:     5   Next: 70%
Magic:  4/4        EV:  2    Int:  4    God:    Trog [**....]
Gold:   124        SH:  0    Dex: 10    Spells: 4/4 levels left

rFire    + . .     SeeInvis .   a - +0 hand axe
rCold    + . .     Faith    .   (no shield)
rNeg     + + +     Spirit   .   (armour currently unavailable)
rPois    +         Reflect  .   (helmet currently unavailable)
rElec    +         Harm     .   (cloak currently unavailable)
rCorr    +         Rampage  .   (gloves currently unavailable)
MR       .....     NoTele   +   (boots currently unavailable)
Stlth    +.........             (no amulet)
HPRegen  0.22/turn              b - +6 ring of strength
MPRegen  0.09/turn              (no ring)

@: tree-form, resistant, berserk cooldown, slowed, very slow
A: (retaliatory headbutt)
a: Berserk, Trog's Hand, Renounce Religion


You were on level 3 of the Dungeon.
You worshipped Trog.
Trog was pleased with you.
You were a tree.
You visited 1 branch of the dungeon, and saw 3 of its levels.

You collected 124 gold pieces.

Inventory:

Hand Weapons
 a - a +0 hand axe (weapon)
Armour
 h - a +0 ring mail (melded)
Jewellery
 b - a +6 ring of strength (left branch)
Wands
 k - a wand of flame (25)
Scrolls
 d - 6 scrolls of identify {unknown}
 f - 4 scrolls of amnesia {unknown}
 g - 2 scrolls of teleportation {unknown}
 l - 2 scrolls of remove curse {unknown}
Potions
 c - 4 potions of lignification
 i - a potion of invisibility {unknown}
 j - a potion of heal wounds {unknown}
 m - a potion of flight {unknown}


   Skills:
 + Level 5.3 Fighting
 + Level 5.4 Axes
 + Level 4.6 Armour
 - Level 2.1 Dodging
 + Level 0.0 Evocations


You had 4 spell levels left.
You didn't know any spells.
Your spell library was empty.

Dungeon Overview and Level Annotations

Branches:
Dungeon (3/15)

Altars:

Annotations:
D:3 Grinder


Innate Abilities, Weirdness & Mutations

((You reflexively headbutt those who attack you in melee.))
((You have a pair of horns on your head.))


Message History

You are too injured to fight recklessly!
There are monsters nearby!
You are too injured to fight recklessly!
There are monsters nearby!
You are too injured to fight recklessly!
There are monsters nearby!
You are too injured to fight recklessly!
There are monsters nearby!
You are too injured to fight recklessly!
There are monsters nearby!
You are too injured to fight recklessly!
There are monsters nearby!
You are too injured to fight recklessly!
It was a potion of lignification.
You turn into a tree.
Your +0 ring mail melds into your body.
Your roots penetrate the ground.
Grinder hits you but does no damage. The orc hits you but does no damage.
It was a potion of resistance.
You feel protected. The orc hits you but does no damage. Grinder hits you.
You die...

.#### #
####.... #.
..#.... ...
#.#... #...
#.#..
#....##.#.#
#......†#)#
#[.o♣####
#.###5..#
#.......#
####.o..#
#.##....#
#....####
#.####
#....#
####.#


You could see Grinder, an orc wizard and an orc.

Vanquished Creatures
  Sigmund (D:2)
  An adder (D:2)
  2 worms (D:2)
  2 dart slugs (D:1)
  3 leopard geckos (D:2)
  2 orcs (D:3)
  4 bats
  A giant cockroach (D:1)
  4 goblins
  4 hobgoblins
  12 jackals
  A frilled lizard (D:1)
  4 kobolds
  2 rats
43 creatures vanquished.

Notes
Turn   | Place    | Note
-------+----------+-------------------------------------------
     0 | D:1      | tof the Minotaur Berserker began the quest for the Orb.
     0 | D:1      | Reached XP level 1. HP: 19/19 MP: 0/0
    60 | D:1      | Reached XP level 2. HP: 26/27 MP: 1/1
   916 | D:1      | Reached XP level 3. HP: 33/33 MP: 2/2
  1363 | D:2      | Reached ** piety under Trog
  1755 | D:2      | Noticed Sigmund
  1762 | D:2      | Killed Sigmund
  1762 | D:2      | Reached skill level 5 in Fighting
  1762 | D:2      | Reached skill level 5 in Axes
  1762 | D:2      | Reached XP level 4. HP: 42/42 MP: 3/3
  1762 | D:2      | Reached XP level 5. HP: 48/48 MP: 4/4
  2218 | D:3      | Noticed Grinder
  2221 | D:3      | Paralysed by Grinder for 2 turns
  2226 | D:3      | Paralysed by Grinder for 4 turns
  2238 | D:3      | HP: 1/48 [Grinder (5)]
  2240 | D:3      | Slain by Grinder

Illustrated notes

Levels and vault maps discovered:
D:1:      shiori_arrival_elements, layout_basic
D:2:      layout_loops_ring, minmay_tromino_v4_b, uniq_sigmund
D:3:      layout_basic, chequers_garden, grunt_qazlal_clouds, uniq_grinder

Skill      XL: |  1  2  3 |
---------------+----------+-----
Axes           | 4 5 |  5.4
Fighting       | 4 5 |  5.3
Armour         | 3 4 |  4.6
Dodging        | |  2.1

Action                   |  1- 3 |  4- 6 || total
-------------------------+-------+-------++-------
Melee: Hand axe          |    80 |    17 ||    97
       Headbutt          |    15 |     3 ||    18
Invok: Berserk           |     2 |     1 ||     3
  Use: Potion            |       |     2 ||     2
Armor: Animal skin       |     9 |       ||     9
       Ring mail         |    14 |     4 ||    18
       Skin              |       |     3 ||     3
Dodge: Dodged            |    62 |    16 ||    78

Table legend: (Time is in decaauts)
 A = Elapsed time spent in this place.
 B = Non-inter-level travel time spent in this place.
 C = Inter-level travel time spent in this place.
 D = Time resting spent in this place.
 E = Time spent auto-exploring this place.
 F = Levels seen in this place.
 G = Mean time per level.
                   A        B        C        D        E       F      G
               +--------+--------+--------+--------+--------+-----+--------+
         Total |   2265 |   2186 |     79 |    740 |   1174 |   3 |  755.0 |
       Dungeon |   2265 |   2186 |     79 |    740 |   1174 |   3 |  755.0 |
               +--------+--------+--------+--------+--------+-----+--------+

Top non-repeatable levels by time:
     D:1: 1225 daAuts
     D:2: 977 daAuts
     D:3: 62 daAuts
